2107 views
Uploaded 2024-05-12 17:19:05
Game version 1.36 (6115)
10:33 long 1on1 ladder game on (2)EchoIsles_S2_v2.2
Saved by VladStg
2107 views
Uploaded 2024-05-12 17:19:05
Game version 1.36 (6115)
10:33 long 1on1 ladder game on (2)EchoIsles_S2_v2.2

20 units @ 2.6k
/ 0.3k
10 buildings @ 1.7k
/ 0.5k


| Healing Salve | 1 | 100 |
| Lesser Clarity Potion | 1 | 70 |
| total: | 2 | 170g |
| Peon | 8 | 600 | / | 0 |
| Troll Headhunter | 9 | 1260 | / | 180 |
| Demolisher | 2 | 440 | / | 100 |
| Ogre Mauler | 1 | 300 | / | 0 |
| total: | 20 | 2600g | / | 280w |
| Altar of Storms | 1 | 180 | / | 50 |
| Orc Burrow | 4 | 640 | / | 160 |
| War Mill | 1 | 205 | / | 0 |
| Barracks | 2 | 360 | / | 100 |
| Voodoo Lounge | 1 | 130 | / | 30 |
| Spirit Lodge | 1 | 150 | / | 150 |
| Stronghold | 1 | 315 | / | 190 |
| Fortress | 1 | 325 | / | 190 |
| total: | 10 | 1665g | / | 490w |
| 0:05 | Altar of Storms |
| 0:06 | Peon |
| 0:06 | Peon |
| 0:22 | Orc Burrow |
| 0:33 | Peon |
| 0:50 | Peon |
| 0:55 | War Mill |
| 0:58 | Peon |
| 1:12 | Barracks |
| 1:18 | Peon |
| 1:36 | Peon |
| 1:45 | Orc Burrow |
| 1:51 | Peon |
| 2:15 | Troll Headhunter |
| 2:25 | Feral Spirit |
| 2:31 | Troll Headhunter |
| 3:49 | Troll Headhunter |
| 3:49 | Troll Headhunter |
| 4:11 | Stronghold |
| 4:16 | Barracks |
| 4:20 | Orc Burrow |
| 4:32 | Voodoo Lounge |
| 4:47 | Troll Headhunter |
| 4:48 | Troll Headhunter |
| 5:06 | Steel Ranged Weapons |
| 5:18 | Chain Lighting |
| 5:25 | Troll Headhunter |
| 5:27 | Troll Headhunter |
| 5:45 | Troll Headhunter |
| 6:20 | Steel Armor |
| 6:26 | Orc Burrow |
| 6:49 | Spirit Lodge |
| 6:55 | Healing Salve |
| 7:01 | Lesser Clarity Potion |
| 7:57 | Feral Spirit |
| 8:02 | Fortress |
| 8:05 | Thorium Ranged Weapons |
| 8:16 | Endurance Aura |
| 9:08 | Ogre Mauler |
| 9:25 | Troll Regeneration |
| 9:27 | Demolisher |
| 9:27 | Demolisher |
| 10:18 | War Stomp |
| Right click | 745 |
| Select group | 278 |
| Select | 188 |
| Build/train/purchase | 45 |
| Assign group | 36 |
| Misc. action | 35 |
| Use ability | 5 |
17 units @ 1.8k
/ 0k
14 buildings @ 1.3k
/ 0.5k


| Scroll of Regeneration | 1 | 100 |
| Potion of Mana | 1 | 200 |
| total: | 2 | 300g |
| Peasant | 9 | 675 | / | 0 |
| Footman | 8 | 1080 | / | 0 |
| total: | 17 | 1755g | / | 0w |
| Scout Tower | 4 | 120 | / | 80 |
| Arcane Tower | 1 | 70 | / | 50 |
| Guard Tower | 1 | 70 | / | 50 |
| Altar of Kings | 1 | 180 | / | 50 |
| Farm | 4 | 320 | / | 80 |
| Barracks | 1 | 160 | / | 60 |
| Arcane Vault | 1 | 130 | / | 30 |
| Lumber Mill | 1 | 120 | / | 0 |
| Blacksmith | 1 | 140 | / | 60 |
| Arcane Sanctum | 1 | 150 | / | 140 |
| Keep | 1 | 320 | / | 210 |
| total: | 14 | 1320g | / | 500w |
| 0:10 | Altar of Kings |
| 0:12 | Peasant |
| 0:13 | Peasant |
| 0:31 | Farm |
| 1:05 | Barracks |
| 1:11 | Peasant |
| 1:11 | Peasant |
| 1:24 | Farm |
| 1:29 | Peasant |
| 1:29 | Peasant |
| 2:07 | Farm |
| 2:17 | Footman |
| 2:17 | Footman |
| 2:18 | Footman |
| 2:25 | Summon Water Elemental |
| 4:17 | Scout Tower |
| 4:20 | Arcane Vault |
| 4:45 | Arcane Tower |
| 4:50 | Footman |
| 4:50 | Footman |
| 4:56 | Keep |
| 5:04 | Lumber Mill |
| 5:08 | Scroll of Regeneration |
| 6:54 | Farm |
| 7:01 | Blizzard |
| 7:42 | Peasant |
| 7:42 | Peasant |
| 7:42 | Peasant |
| 8:17 | Blacksmith |
| 8:34 | Arcane Sanctum |
| 8:43 | Scout Tower |
| 8:49 | Scout Tower |
| 8:56 | Scout Tower |
| 9:21 | Devotion Aura |
| 9:28 | Guard Tower |
| 10:17 | Potion of Mana |
| 10:22 | Footman |
| 10:22 | Footman |
| 10:23 | Footman |
| Right click | 442 |
| Select | 188 |
| Build/train/purchase | 35 |
| Use ability | 2 |
| Esc | 2 |